 Dungeon Crawl Stone Soup version 0.25-a0-24-g72dcfe0359 (webtiles) character file.

Game seed: 14406358739224181736, levelgen mode: deterministic

20567 Kohma the Covert (level 12, -2/60 HPs)
             Began as a Spriggan Enchanter on Oct 17, 2019.
             Was an Elder of Kikubaaqudgha.
             Killed by the air
             ... invoked by Gastronok
              (37 damage)
             ... on level 2 of the Lair of Beasts.
             The game lasted 00:54:15 (17954 turns).

Kohma the Covert (Spriggan Enchanter)              Turns: 17954, Time: 00:54:16

Health: -2/60      AC:  6    Str:  4    XL:     12   Next: 46%
Magic:  22/22      EV: 27    Int: 18    God:    Kikubaaqudgha [****..]
Gold:   484        SH: 11    Dex: 18    Spells: 5/23 levels left

rFire    . . .     SeeInvis +   a - +3 dagger (venom)
rCold    + . .     Gourm    .   C - +3 buckler {reflect}
rNeg     + + .     Faith    .   b - +0 robe
rPois    .         Spirit   .   (helmet restricted)
rElec    .         Reflect  +   f - +1 cloak
rCorr    .         Harm     .   (gloves unavailable)
MR       ++++.                  (boots unavailable)
Stlth    ++++++....             y - amulet of the acrobat
HPRegen  0.20/turn              D - ring of Faemaop {rC+ rN++ MR++ Dex-2}
MPRegen  0.18/turn              i - +2 ring of protection

@: very quick
A: very small, unfitting armour, see invisible, herbivore, speed 3, slow
metabolism 2
a: Receive Corpses, Renounce Religion


You were on level 2 of the Lair of Beasts.
You worshipped Kikubaaqudgha.
Kikubaaqudgha was greatly pleased with you.
You were not hungry.

You visited 3 branches of the dungeon, and saw 14 of its levels.
You also visited: Bailey.

You collected 1231 gold pieces.
You spent 747 gold pieces at shops.

Inventory:

Hand Weapons
 a - a +3 dagger of venom (weapon)
 F - a +2 dagger of draining
Missiles
 l - 39 poisoned darts (quivered)
 r - 11 atropa-tipped darts
 z - 17 curare-tipped darts
Armour
 b - a +0 robe (worn)
 f - a +1 cloak (worn)
 C - a +3 buckler of reflection (worn)
Jewellery
 i - a +2 ring of protection (right hand)
 p - an uncursed ring of positive energy
 y - an amulet of the acrobat (around neck)
 D - the ring of Faemaop (left hand) {rC+ rN++ MR++ Dex-2}
   (You bought it in a shop on level 7 of the Dungeon)

   [ring of protection from cold]

   It affects your dexterity (-2).
   It protects you from cold.
   It greatly protects you from negative energy.
   It affects your resistance to hostile enchantments.
 J - an uncursed ring of protection from magic
 K - an uncursed ring of protection from magic
Wands
 n - a wand of polymorph (22)
 u - a wand of clouds (6)
 x - a wand of flame (60)
 H - a wand of enslavement (9)
Scrolls
 c - a scroll of enchant armour
 e - 3 scrolls of identify
 m - 4 scrolls of magic mapping
 q - 5 scrolls of teleportation
 t - 5 scrolls of remove curse
 v - 4 scrolls of fear
 B - a scroll of enchant weapon
 I - a scroll of silence
Potions
 g - 4 potions of lignification
 h - 4 potions of curing
 j - 3 potions of invisibility
 k - 3 potions of agility
 o - a potion of haste
 s - 2 potions of magic
 w - 3 potions of might
 A - a potion of resistance
 E - a potion of heal wounds
 G - 2 potions of mutation {unknown}
Comestibles
 d - 12 rations


   Skills:
 + Level 5.2 Fighting
 - Level 10.0 Short Blades
 + Level 10.7 Dodging
 + Level 14.0 Stealth
 - Level 7.4 Shields
 - Level 6.0 Spellcasting
 - Level 10.0 Hexes
 * Level 2.7 Necromancy


You had 5 spell levels left.
You knew the following spells:

 Your Spells              Type           Power        Failure   Level  Hunger
a - Corona                Hex            #####..      1%          1    None
b - Ensorcelled Hibernat  Hex/Ice        ###...       2%          2    None
c - Confuse               Hex            #####...     1%          3    ##.....
d - Animate Dead          Necr           N/A          36%         4    ####...
e - Regeneration          Chrm/Necr      ##........   21%         3    ##.....
f - Dispel Undead         Necr           ###.....     71%         5    #####..

Your spell library contained the following spells:

 Spells                   Type           Power        Failure   Level  Hunger
 Tukima's Dance           Hex            #####...     1%          3    ##.....
 Animate Skeleton         Necr           N/A          3%          1    None
 Pain                     Necr           ###.         3%          1    None
 Dazzling Spray           Conj/Hex       ###...       4%          3    ##.....
 Sublimation of Blood     Necr           ###.......   6%          2    None
 Sandblast                Erth           #.....       12%         1    None
 Passwall                 Tmut/Erth      #.......     19%         2    None
 Stone Arrow              Conj/Erth      #.....       34%         3    ##.....
 Petrify                  Tmut/Erth      #.......     75%         4    ####...
 Bolt of Draining         Conj/Necr      ##........   88%         5    #####..
 Borgnjor's Vile Clutch   Necr/Erth      ##........   88%         5    #####..
 Lee's Rapid Deconstruct  Erth           #.........   97%         5    #####..
 Death Channel            Necr           ###.......   99%         6    #######


Dungeon Overview and Level Annotations

Branches:
Dungeon (11/15)            Temple (1/1) D:7            Lair (2/6) D:11
 Bailey (visited)
  Swamp: Lair:2-4    Shoals: Lair:2-4     Snake: Lair:2-4    Spider: Lair:2-4
    Orc: D:9-12

Altars:
Dithmenos
Fedhas
Gozag
Hepliaklqana
Kikubaaqudgha
Makhleb
Okawaru
Ru
Sif Muna
Trog
Vehumet
Wu Jian
Zin
The Shining One

Shops:
D:7 =   D:9 %[

Annotations:
Lair:2 Gastronok


Innate Abilities, Weirdness & Mutations

You are very small and have problems with some larger weapons.
You are too small for most types of armour.
You have supernaturally acute eyesight. (SInv)
You are a herbivore.
You cover ground extremely quickly.
You need to consume almost no food.


Message History

You hit Gastronok but do no damage.
Gastronok looks as sick as possible!
Gastronok is heavily wounded.
You hit Gastronok but do no damage.
Gastronok looks as sick as possible!
Gastronok is heavily wounded.
You hit Gastronok but do no damage.
Gastronok is heavily wounded.
You hit Gastronok but do no damage.
Gastronok looks as sick as possible!
Gastronok is heavily wounded.
You feel much better. Gastronok bites you!!
You completely miss Gastronok.
Gastronok is severely wounded.
You hit Gastronok.
Gastronok looks as sick as possible!
Gastronok is severely wounded.
You hit Gastronok but do no damage.
Gastronok looks as sick as possible!
Gastronok is severely wounded.
Gastronok waves his eye-stalks in wide circles.
The air twists around and strikes you!!!
Ouch! That really hurt!
You die...
Kikubaaqudgha rasps: "You have failed me!
Welcome... death!"

#.#. ##.(.## #... #....#
#..####.(.## #..##..(.#
###.##....# # #....#..(.# ####
#......## #.#. ##..w..## ##...
##.@#..## #.... ##......# ##....
#......P## #.....
##.......######.....
#...................
###...####.#P......... #...###
#.#....##.... #####...##
##......###...
#######..#.....####..(....####..


You could see Gastronok.

Vanquished Creatures
  A hydra (Lair:1)
  A two-headed ogre (D:10)
  A tengu warrior (D:10)
  Sonja (Lair:2)
  An unseen horror (D:10)
  An ugly thing (D:11)
  A manticore (D:11)
  Joseph (D:8)
  A black mamba (Lair:1)
  Psyche (D:8)
  A centaur skeleton (D:10)
  5 spiny frogs
  2 gargoyles (D:11)
  2 komodo dragons (Lair:1)
  2 rime drakes (Lair:2)
  2 trolls
  Grinder (D:5)
  5 hippogriffs
  3 wyverns
  25 yaks
  A basilisk (Lair:1)
  3 water moccasins
  An acid dragon (D:9)
  10 orc warriors
  5 porcupines
  2 black bears
  5 ice beasts
  A sky beast (D:9)
  2 necrophages
  7 ogres
  3 phantoms
  A centaur (D:8)
  8 crocodiles
  A big kobold (D:11)
  Blork the orc (D:4)
  4 bullfrogs
  A wyvern zombie (D:11)
  5 scorpions
  A wyvern skeleton (D:11)
  3 killer bees (D:8)
  3 wights (D:11)
  2 electric eels (Lair:1)
  A howler monkey (D:4)
  2 crimson imps
  2 centaur zombies
  3 jellies
  A bullfrog zombie (D:10)
  4 orc priests
  6 orc wizards
  Crazy Yiuf (D:5)
  A bullfrog skeleton (D:8)
  4 hounds
  Ijyb (D:4)
  2 iguanas
  6 worker ants
  3 hound skeletons
  3 gnolls
  A worker ant zombie (D:6)
  11 adders
  3 shadow imps
  An ooze (D:7)
  An adder zombie (D:6)
  3 adder skeletons
  6 worms
  A dart slug (D:3)
  8 leopard geckos
  45 orcs
  4 bats
  3 giant cockroaches
  9 goblins
  11 hobgoblins
  10 jackals
  18 kobolds
  3 quokkas
  2 ball pythons
  4 frilled lizards
  A jackal skeleton (D:4)
  A quokka zombie (D:8)
  4 rats
318 creatures vanquished.

Vanquished Creatures (others)
  2 electric eels (Lair:1)
  A jackal (D:3)
  11 kobolds (Bailey)
14 creatures vanquished.

Grand Total: 332 creatures vanquished

Notes
Turn   | Place    | Note
-------+----------+-------------------------------------------
     0 | D:1      | Kohma the Spriggan Enchanter began the quest for the Orb.
     0 | D:1      | Reached XP level 1. HP: 9/9 MP: 5/5
   576 | D:1      | Reached XP level 2. HP: 4/13 MP: 4/6
   793 | D:1      | Learned a level 2 spell: Ensorcelled Hibernation
  1510 | D:2      | Reached XP level 3. HP: 16/16 MP: 5/8
  1696 | D:2      | Reached skill level 5 in Stealth
  2262 | D:2      | Reached XP level 4. HP: 14/21 MP: 10/10
  2374 | D:2      | Found an iron altar of Okawaru.
  2572 | D:3      | Found a radiant altar of Vehumet.
  3742 | D:4      | Noticed a phantom
  3743 | D:4      | Reached skill level 6 in Stealth
  3743 | D:4      | Reached XP level 5. HP: 24/24 MP: 6/11
  3792 | D:3      | Learned a level 3 spell: Confuse
  3971 | D:4      | Noticed an ogre
  4022 | D:4      | Killed an ogre
  4022 | D:4      | Reached skill level 7 in Stealth
  4242 | D:4      | Noticed Ijyb
  4255 | D:4      | Reached XP level 6. HP: 21/28 MP: 5/12
  4261 | D:4      | Killed Ijyb
  4417 | D:4      | Reached skill level 8 in Stealth
  4873 | D:4      | Reached skill level 5 in Short Blades
  4899 | D:4      | Reached XP level 7. HP: 32/32 MP: 6/14
  4986 | D:4      | Noticed Blork the orc
  4997 | D:4      | Killed Blork the orc
  4997 | D:4      | Reached skill level 5 in Hexes
  5233 | D:5      | Entered Level 5 of the Dungeon
  6033 | D:5      | Reached XP level 8. HP: 36/36 MP: 10/15
  6075 | D:5      | Found a runed translucent door.
  6076 | D:5      | Noticed Crazy Yiuf
  6085 | D:5      | Killed Crazy Yiuf
  6339 | D:5      | Noticed Grinder
  6371 | D:5      | Killed Grinder
  6371 | D:5      | Reached skill level 1 in Fighting
  6371 | D:5      | Reached skill level 5 in Dodging
  6735 | D:6      | You fall into a shaft and drop 3 floors!
  6767 | D:8      | Found a blossoming altar of Fedhas.
  6818 | D:7      | Found Gywi's Jewellery Shoppe.
  7816 | D:7      | Found a staircase to the Ecumenical Temple.
  7822 | Temple   | Entered the Ecumenical Temple
  7837 | Temple   | Became a worshipper of Kikubaaqudgha
  8007 | D:7      | Reached XP level 9. HP: 44/44 MP: 13/16
  8054 | D:7      | Reached skill level 1 in Shields
  8334 | D:8      | Reached skill level 9 in Stealth
  8793 | D:8      | Noticed Joseph
  9205 | D:8      | Killed Joseph
  9205 | D:8      | Reached skill level 10 in Stealth
  9373 | D:8      | Noticed Psyche
  9379 | D:8      | Killed Psyche
  9863 | D:9      | Found Ofri's Food Shop.
  9893 | D:9      | Reached * piety under Kikubaaqudgha
  9893 | D:9      | Identified Kikubaaqudgha's Reference Book on Evil
                  | (Kikubaaqudgha gifted it to you on level 9 of the Dungeon)
  9893 | D:9      | Received a gift from Kikubaaqudgha
  9970 | D:9      | Found Suhasihy's Armour Shop.
  9985 | D:9      | Reached skill level 11 in Stealth
 10271 | D:9      | Found an ornate altar of the Wu Jian Council.
 10473 | D:10     | Entered Level 10 of the Dungeon
 10482 | D:9      | Reached XP level 10. HP: 49/49 MP: 12/17
 10923 | D:10     | Reached skill level 12 in Stealth
 10928 | D:10     | Noticed a two-headed ogre
 10947 | D:10     | Killed a two-headed ogre
 10947 | D:10     | Reached skill level 5 in Shields
 11544 | D:10     | Reached ** piety under Kikubaaqudgha
 11995 | D:10     | Noticed an unseen horror
 12086 | D:10     | Killed an unseen horror
 12086 | D:10     | Reached XP level 11. HP: 51/51 MP: 18/18
 12128 | D:10     | Noticed a tengu warrior
 12405 | D:10     | Killed a tengu warrior
 13094 | D:11     | Found a flagged portal.
 13098 | D:11     | Noticed a red ugly thing
 13141 | Bailey   | Entered a bailey
 13611 | D:11     | Killed a red ugly thing
 13641 | D:11     | Reached *** piety under Kikubaaqudgha
 13641 | D:11     | Identified Kikubaaqudgha's Collected Works on Evil Rites
                  | (Kikubaaqudgha gifted it to you on level 11 of the Dungeon)
 13641 | D:11     | Received a gift from Kikubaaqudgha
 13641 | D:11     | Reached skill level 5 in Spellcasting
 14311 | D:7      | Bought the ring of Faemaop {rC+ rN++ MR++ Dex-2} for 747
                  | gold pieces
 14941 | D:11     | Reached skill level 13 in Stealth
 15444 | D:11     | Found a staircase to the Lair.
 15617 | Lair:1   | Entered Level 1 of the Lair of Beasts
 15760 | Lair:1   | Reached **** piety under Kikubaaqudgha
 16220 | Lair:1   | Reached XP level 12. HP: 51/57 MP: 19/22
 16367 | Lair:1   | Noticed a four-headed hydra
 16376 | Lair:1   | Killed a four-headed hydra
 16376 | Lair:1   | Reached skill level 10 in Dodging
 16382 | Lair:1   | Learned a level 4 spell: Animate Dead
 16386 | Lair:1   | Learned a level 3 spell: Regeneration
 16392 | Lair:1   | Learned a level 5 spell: Dispel Undead
 16722 | Lair:1   | Reached skill level 10 in Hexes
 17159 | Lair:2   | Reached skill level 1 in Necromancy
 17170 | Lair:2   | Reached skill level 5 in Fighting
 17451 | Lair:2   | Noticed Sonja
 17458 | Lair:2   | Killed Sonja
 17458 | Lair:2   | Reached skill level 10 in Short Blades
 17467 | Lair:2   | Reached skill level 14 in Stealth
 17893 | Lair:2   | Noticed Gastronok
 17954 | Lair:2   | Killed from afar by Gastronok

Levels and vault maps discovered:
D:1:      nicolae_arrival_memento_mori, layout_rooms, hex_tiny,
          minmay_misc_feat_roman
D:2:      layout_rooms, okawaru_altar_gauntlet_db, st_stairs_4
D:3:      layout_basic, fiery_altar_vehumet, first_ration
D:4:      layout_gridville, uniq_blork_the_orc, uniq_ijyb
D:5:      layout_basic, minmay_chambers_of_fives, uniq_grinder,
          uniq_crazy_yiuf_cottage
D:6:      layout_basic, glass_columns_c
D:7:      layout_loops_ring, minmay_temple_entry_ruins, serial_shops,
          nicolae_shop_temple_entry_statues_fountains
D:8:      layout_basic, nicolae_overflow_crystal_walls, serial_glass,
          glass_columns_b, glass_columns_c, minmay_strange_pillars,
          feat_on_display, item_on_display_a, item_on_display_b, uniq_psyche,
          uniq_joseph
D:9:      layout_gridville, kennysheep_mini, serial_shops,
          nicolae_shop_statue_plus, nicolae_shop_crystal
D:10:     layout_cave_pools, erik_orc_2, grunt_tengu_nest
D:11:     layout_basic, lair_entry_dummy, enter_bailey_6, kennysheep_crisscross
Temple:   eino_narrow_crystal_temple
Lair:1:   layout_gridlike, infiniplex_staircase_pool, serial_bayou_shore_a,
          grunt_megastairs_2
Lair:2:   layout_cave_pods, serial_bayou_shore_b, uniq_gastronok, uniq_sonja

Skill      XL: |  1  2  3  4  5  6  7  8  9 10 11 12 |
---------------+-------------------------------------+-----
Spellcasting   | 3 4 6 |  6.0
Hexes          | 4 8 9 10 | 10.0
Stealth        | 5 6 7 8 11 12 13 14 | 14.0
Short Blades   | 2 3 4 5 7 8 9 10 | 10.0
Dodging        | 4 8 9 10 | 10.7
Fighting       | 3 4 5 |  5.2
Shields        | 3 7 |  7.4
Necromancy     | 2 |  2.7

Action                   |  1- 3 |  4- 6 |  7- 9 | 10-12 || total
-------------------------+-------+-------+-------+-------++-------
Melee: Dagger            |   120 |    79 |   230 |   374 ||   803
Throw: Dart              |    83 |    20 |    11 |    77 ||   191
 Cast: Corona            |     4 |       |       |       ||     4
       Ensorcelled Hiber |    19 |    20 |    77 |   188 ||   304
       Confuse           |       |     6 |    28 |    22 ||    56
Evoke: Wand              |       |       |       |     6 ||     6
  Use: Scroll            |       |       |    17 |     6 ||    23
       Potion            |       |       |       |     4 ||     4
 Stab: Distracted        |     1 |       |     1 |       ||     2
       Sleeping          |    14 |    21 |    53 |   108 ||   196
       Confused          |       |     2 |    16 |    16 ||    34
  Eat: Ration            |       |     1 |     6 |     6 ||    13
Armor: Robe              |    17 |     4 |     7 |     8 ||    36
Dodge: Dodged            |   130 |    40 |   152 |   340 ||   662
Block: Buckler           |       |       |     7 |   205 ||   212
       Reflection        |       |       |       |    87 ||    87

Table legend:
 A = Non-vault XP
 B = Vault XP
 C = Vault XP percentage of total XP
 D = Non-vault monster count
 E = Vault monster count
 F = Vault count percentage of total count
                 A         B        C        D         E       F
            +---------+---------+-------+---------+---------+-------
      Total |   24535 |    4847 |  16.5 |     259 |      72 |  21.8
            +---------+---------+-------+---------+---------+-------
        D:1 |      35 |       0 |   0.0 |      18 |       0 |   0.0
        D:2 |      49 |      30 |  38.0 |      16 |       8 |  33.3
        D:3 |      50 |       0 |   0.0 |      18 |       0 |   0.0
        D:4 |     578 |     132 |  18.6 |      15 |       2 |  11.8
        D:5 |     472 |     500 |  51.4 |      12 |       7 |  36.8
        D:6 |     661 |       0 |   0.0 |      19 |       0 |   0.0
        D:7 |     389 |       0 |   0.0 |      10 |       0 |   0.0
        D:8 |    1176 |     932 |  44.2 |      22 |       2 |   8.3
        D:9 |    2676 |     170 |   6.0 |      23 |       2 |   8.0
       D:10 |    3022 |    1277 |  29.7 |      17 |      18 |  51.4
       D:11 |    6574 |       0 |   0.0 |      49 |       0 |   0.0
     Lair:1 |    5373 |     267 |   4.7 |      25 |       2 |   7.4
     Lair:2 |    3480 |     820 |  19.1 |      15 |       1 |   6.2
     Bailey |       0 |     719 | 100.0 |       0 |      30 | 100.0
            +---------+---------+-------+---------+---------+-------
